SL
OAKLAND OAKS @ FT. WORTH CATTLEMEN
08/28/2028
 
TOP OF THE 1ST
Oakland Oaks batting - Pitching for Ft. Worth Cattlemen : RHP Jorge Rivera
Pitching: RHP Jorge Rivera
Batting: LHB Bryce Reilly 0-0: Ball
1-0: SINGLE (Groundball, 4M) (infield hit)
Batting: LHB Edwin Church 0-0: Ball
1-0: Called Strike
1-1: Ball
2-1: Foul Ball, location: 2F
2-2: Ball
3-2: Base on Balls
Bryce Reilly to second
Batting: RHB Pedro Pérez 0-0: Called Strike
0-1: Swinging Strike
0-2: Foul Ball, location: 2F
0-2: Strikes out swinging
Batting: LHB Todd Henry 0-0: Swinging Strike
0-1: Foul Ball, location: 2F
0-2: Strikes out swinging
Batting: SHB Luis Luquín 0-0: Ball
1-0: Swinging Strike
1-1: Foul Ball, location: 2F
1-2: Ball
2-2: Foul Ball, location: 2F
2-2: Strikes out swinging
Top of the 1st over - 0 run(s), 1 hit(s), 0 error(s), 2 left on base; Oakland 0 - Ft. Worth 0
BOTTOM OF THE 1ST
Ft. Worth Cattlemen batting - Pitching for Oakland Oaks : RHP Matt Webber
Pitching: RHP Matt Webber
Batting: LHB Chris Etheridge 0-0: Swinging Strike
0-1: Ball
1-1: Called Strike
1-2: Fly out, F8 (Flyball, 8LM)
Batting: LHB Nobuo Yamashita 0-0: Called Strike
0-1: Ball
1-1: Ground out 6-3 (Groundball, 56)
Batting: RHB Bart Lewis 0-0: Ball
1-0: Ball
2-0: Hit by Pitch
Batting: LHB Jesús Morales 0-0: Ball
1-0: Called Strike
1-1: SINGLE (Groundball, 13S) (infield hit)
Bart Lewis to second
Batting: SHB Marcos Roa 0-0: Called Strike
0-1: Called Strike
0-2: SINGLE (Line Drive, 8LS)
Bart Lewis to third
Jesús Morales to second
Batting: RHB Lloyd Alberink 0-0: Ball
1-0: Ball
2-0: SINGLE (Groundball, 4) (infield hit)
Bart Lewis scores
Jesús Morales to third
Marcos Roa to second
Batting: LHB Ryan Westlake 0-0: Ball
1-0: Called Strike
1-1: Ball
2-1: Called Strike
2-2: Ball
3-2: Ground out 6-3 (Groundball, 6M)
Bottom of the 1st over - 1 run(s), 3 hit(s), 0 error(s), 3 left on base; Oakland 0 - Ft. Worth 1
TOP OF THE 2ND
Oakland Oaks batting - Pitching for Ft. Worth Cattlemen : RHP Jorge Rivera
Batting: LHB Jorge Vargas 0-0: Ground out 6-3 (Groundball, 6)
Batting: SHB Orlando Villa 0-0: Ball
1-0: Ground out 4-3 (Groundball, 4S)
Batting: SHB Joaquín Reyes 0-0: Ball
1-0: SINGLE (Line Drive, 9S)
Batting: RHB Ricardo Téllez 0-0: Foul Ball, location: 2F
0-1: Ball
1-1: Ball
2-1: Ball
3-1: Base on Balls
Joaquín Reyes to second
Batting: LHB Bryce Reilly 0-0: Foul Ball, location: 2F
0-1: Foul Ball, location: 2F
0-2: Strikes out swinging
Top of the 2nd over - 0 run(s), 1 hit(s), 0 error(s), 2 left on base; Oakland 0 - Ft. Worth 1
BOTTOM OF THE 2ND
Ft. Worth Cattlemen batting - Pitching for Oakland Oaks : RHP Matt Webber
Batting: RHB Gilberto Juárez 0-0: Ball
1-0: Called Strike
1-1: Fly out, F8 (Flyball, 78S)
Batting: RHB Orlando Montoya 0-0: Called Strike
0-1: Ball
1-1: Ball
2-1: Ball
3-1: Foul Ball, location: 2F
3-2: Foul Ball, location: 2F
3-2: Ground out 6-3 (Groundball, 6)
Batting: LHB Chris Etheridge 0-0: Ball
1-0: Ball
2-0: Called Strike
2-1: Ball
3-1: Called Strike
3-2: Ground out 1-3 (Groundball, 13S)
Bottom of the 2nd over - 0 run(s), 0 hit(s), 0 error(s), 0 left on base; Oakland 0 - Ft. Worth 1
TOP OF THE 3RD
Oakland Oaks batting - Pitching for Ft. Worth Cattlemen : RHP Jorge Rivera
Batting: LHB Edwin Church 0-0: Reached on error, E3 (Groundball, 3)
Batting: RHB Pedro Pérez 0-0: Ball
1-0: Ball
2-0: Called Strike
2-1: Fly out, F8 (Flyball, 8RM)
Batting: LHB Todd Henry 0-0: Called Strike
0-1: Foul Ball, location: 2F
0-2: Foul Ball, location: 2F
0-2: Ball
1-2: Strikes out swinging
Batting: SHB Luis Luquín 0-0: Ball
1-0: Ground out U3 (Groundball, 34)
Top of the 3rd over - 0 run(s), 0 hit(s), 1 error(s), 1 left on base; Oakland 0 - Ft. Worth 1
BOTTOM OF THE 3RD
Ft. Worth Cattlemen batting - Pitching for Oakland Oaks : RHP Matt Webber
Batting: LHB Nobuo Yamashita 0-0: Ball
1-0: Called Strike
1-1: Ball
2-1: Foul Ball, location: 2F
2-2: Foul Ball, location: 2F
2-2: Strikes out swinging
Batting: RHB Bart Lewis 0-0: Ball
1-0: Ball
2-0: Ball
3-0: Base on Balls
Batting: LHB Jesús Morales 0-0: Ball
1-0: Foul Ball, location: 2F
1-1: Called Strike
1-2: Strikes out swinging
Batting: SHB Marcos Roa 0-0: Ball
1-0: Ball
2-0: Ball
3-0: Called Strike
3-1: Swinging Strike
3-2: Foul Ball, location: 2F
3-2: Strikes out swinging
Bottom of the 3rd over - 0 run(s), 0 hit(s), 0 error(s), 1 left on base; Oakland 0 - Ft. Worth 1
TOP OF THE 4TH
Oakland Oaks batting - Pitching for Ft. Worth Cattlemen : RHP Jorge Rivera
Batting: LHB Jorge Vargas 0-0: Called Strike
0-1: Ball
1-1: Called Strike
1-2: Foul Ball, location: 2F
1-2: Strikes out swinging
Batting: SHB Orlando Villa 0-0: Ball
1-0: Ball
2-0: Ball
3-0: Called Strike
3-1: Ground out 5-3 (Groundball, 56)
Batting: SHB Joaquín Reyes 0-0: Foul Ball, location: 2F
0-1: Foul Ball, location: 2F
0-2: Ball
1-2: Strikes out swinging
Top of the 4th over - 0 run(s), 0 hit(s), 0 error(s), 0 left on base; Oakland 0 - Ft. Worth 1
BOTTOM OF THE 4TH
Ft. Worth Cattlemen batting - Pitching for Oakland Oaks : RHP Matt Webber
Batting: RHB Lloyd Alberink 0-0: Hit by Pitch
Batting: LHB Ryan Westlake 0-0: Ball
1-0: Foul Ball, location: 2F
1-1: Ball
2-1: Foul Ball, location: 2F
2-2: Strikes out swinging
Batting: RHB Gilberto Juárez 0-0: Ball
1-0: Called Strike
1-1: Foul Ball, location: 2F
1-2: Ball
2-2: Foul Ball, location: 2F
2-2: Ball
3-2: Strikes out looking
Batting: RHB Orlando Montoya 0-0: Swinging Strike
0-1: Ball
1-1: Swinging Strike
1-2: Fly out, F7 (Line Drive, 78D)
Bottom of the 4th over - 0 run(s), 0 hit(s), 0 error(s), 1 left on base; Oakland 0 - Ft. Worth 1
TOP OF THE 5TH
Oakland Oaks batting - Pitching for Ft. Worth Cattlemen : RHP Jorge Rivera
Batting: RHB Ricardo Téllez 0-0: Ball
1-0: Foul Ball, location: 2F
1-1: Ball
2-1: Called Strike
2-2: Strikes out looking
Batting: LHB Bryce Reilly 0-0: Ball
1-0: Ball
2-0: Swinging Strike
2-1: Swinging Strike
2-2: Strikes out swinging
Batting: LHB Edwin Church 0-0: Ball
1-0: SINGLE (Groundball, 34D)
Batting: RHB Pedro Pérez 0-0: Ball
1-0: Ball
2-0: Foul Ball, location: 2F
2-1: Foul Ball, location: 2F
2-2: Ball
3-2: Foul Ball, location: 2F
3-2: Foul Ball, location: 2F
3-2: Base on Balls
Edwin Church to second
Batting: LHB Todd Henry 0-0: Ball
1-0: Called Strike
1-1: Ball
2-1: Ball
3-1: Called Strike
3-2: Base on Balls
Edwin Church to third
Pedro Pérez to second
Batting: SHB Luis Luquín 0-0: Ground out 4-3 (Groundball, 34)
Top of the 5th over - 0 run(s), 1 hit(s), 0 error(s), 3 left on base; Oakland 0 - Ft. Worth 1
BOTTOM OF THE 5TH
Ft. Worth Cattlemen batting - Pitching for Oakland Oaks : RHP Matt Webber
Batting: LHB Chris Etheridge 0-0: Ground out 4-3 (Groundball, 4)
Batting: LHB Nobuo Yamashita 0-0: Called Strike
0-1: Ball
1-1: Foul Ball, location: 2F
1-2: Ball
2-2: Strikes out looking
Batting: RHB Bart Lewis 0-0: Called Strike
0-1: Foul Ball, location: 2F
0-2: Ball
1-2: SINGLE (Groundball, 4MD)
Batting: LHB Jesús Morales 0-0: Ball
1-0: Ground out 3-1 (Groundball, 34S)
Bottom of the 5th over - 0 run(s), 1 hit(s), 0 error(s), 1 left on base; Oakland 0 - Ft. Worth 1
TOP OF THE 6TH
Oakland Oaks batting - Pitching for Ft. Worth Cattlemen : RHP Jorge Rivera
Batting: LHB Jorge Vargas 0-0: Ball
1-0: Swinging Strike
1-1: Ball
2-1: Foul Ball, location: 2F
2-2: Ball
3-2: Strikes out swinging
Batting: SHB Orlando Villa 0-0: Ball
1-0: Ball
2-0: Swinging Strike
2-1: Foul Ball, location: 2F
2-2: Ball
3-2: Ground out U3 (Groundball, 34)
Batting: SHB Joaquín Reyes 0-0: Called Strike
0-1: Called Strike
0-2: Ball
1-2: Ball
2-2: Foul Ball, location: 2F
2-2: Strikes out swinging
Top of the 6th over - 0 run(s), 0 hit(s), 0 error(s), 0 left on base; Oakland 0 - Ft. Worth 1
BOTTOM OF THE 6TH
Ft. Worth Cattlemen batting - Pitching for Oakland Oaks : RHP Matt Webber
Batting: SHB Marcos Roa 0-0: Fly out, F6 (Popup, 6D)
Batting: RHB Lloyd Alberink 0-0: Ball
1-0: Fly out, F8 (Flyball, 8LS)
Batting: LHB Ryan Westlake 0-0: Called Strike
0-1: Swinging Strike
0-2: Ball
1-2: SINGLE (Groundball, 3D)
Pitching: RHP Gil Brown
Batting: RHB Gilberto Juárez 0-0: Called Strike
0-1: Ball
1-1: Foul Ball, location: 2F
1-2: Ball
2-2: SINGLE (Flyball, 7LM)
Ryan Westlake to second
Batting: RHB Orlando Montoya 0-0: Called Strike
0-1: Ground out 6-3 (Groundball, 56)
Bottom of the 6th over - 0 run(s), 2 hit(s), 0 error(s), 2 left on base; Oakland 0 - Ft. Worth 1
TOP OF THE 7TH
Oakland Oaks batting - Pitching for Ft. Worth Cattlemen : RHP Jorge Rivera
Pitching: LHP Bartolomeu Lio
Batting: RHB Ricardo Téllez 0-0: Called Strike
0-1: Ball
1-1: Ground out 6-3 (Groundball, 6)
Batting: LHB Bryce Reilly 0-0: Ball
1-0: Ground out U3 (Groundball, 3)
Batting: LHB Edwin Church 0-0: Ball
1-0: Ball
2-0: Foul Ball, location: 2F
2-1: Swinging Strike
2-2: Strikes out swinging
Top of the 7th over - 0 run(s), 0 hit(s), 0 error(s), 0 left on base; Oakland 0 - Ft. Worth 1
BOTTOM OF THE 7TH
Ft. Worth Cattlemen batting - Pitching for Oakland Oaks : RHP Gil Brown
Batting: LHB Chris Etheridge 0-0: Ground out U3 (Groundball, 3L)
Batting: LHB Nobuo Yamashita 0-0: Ball
1-0: Foul Ball, location: 2F
1-1: Ground out 4-3 (Groundball, 4)
Batting: RHB Bart Lewis 0-0: Called Strike
0-1: Ball
1-1: Ball
2-1: Ground out 2-3 (Groundball, 2L)
Bottom of the 7th over - 0 run(s), 0 hit(s), 0 error(s), 0 left on base; Oakland 0 - Ft. Worth 1
TOP OF THE 8TH
Oakland Oaks batting - Pitching for Ft. Worth Cattlemen : LHP Bartolomeu Lio
Pitching: LHP Jason Horne
Batting: RHB Pedro Pérez 0-0: Fly out, F7 (Flyball, 7LS)
Batting: LHB Todd Henry 0-0: Called Strike
0-1: Called Strike
0-2: Ball
1-2: Ground out 4-3 (Groundball, 34)
Batting: SHB Luis Luquín 0-0: Called Strike
0-1: Called Strike
0-2: Ground out 5-3 (Groundball, 56)
Top of the 8th over - 0 run(s), 0 hit(s), 0 error(s), 0 left on base; Oakland 0 - Ft. Worth 1
BOTTOM OF THE 8TH
Ft. Worth Cattlemen batting - Pitching for Oakland Oaks : RHP Gil Brown
Batting: LHB Jesús Morales 0-0: Ball
1-0: Called Strike
1-1: DOUBLE (Line Drive, 9LM)
Batting: SHB Marcos Roa 0-0: Called Strike
Throwing error on steal attempt, E2
Jesús Morales scores
0-1: Foul Ball, location: 2F
0-2: Strikes out swinging
Pitching: LHP Finn Wuilink
Batting: RHB Lloyd Alberink 0-0: Ball
1-0: Ball
2-0: SINGLE (Line Drive, 7S)
Batting: LHB Ryan Westlake 0-0: Ground out 2-3 (Groundball, 15S)
Lloyd Alberink to second
Batting: RHB Gilberto Juárez 0-0: Foul Ball, location: 2F
0-1: Ball
1-1: SINGLE (Flyball, 78S)
Lloyd Alberink to third
Runner from 3rd tries for Home, SAFE, no throw
Batting: RHB Orlando Montoya 0-0: Ball
Gilberto Juárez steals 2nd base
1-0: Foul Ball, location: 2F
1-1: Fly out, F7 (Flyball, 7LM)
Bottom of the 8th over - 2 run(s), 3 hit(s), 1 error(s), 1 left on base; Oakland 0 - Ft. Worth 3
TOP OF THE 9TH
Oakland Oaks batting - Pitching for Ft. Worth Cattlemen : LHP Jason Horne
Pitching: LHP Asher Spivey
Batting: LHB Jorge Vargas 0-0: Reached on error, E6 (Groundball, 6)
Batting: SHB Orlando Villa 0-0: Called Strike
0-1: Called Strike
0-2: Ball
1-2: Fly out, F8 (Flyball, 8RM)
Batting: SHB Joaquín Reyes 0-0: Ball
1-0: Ball
2-0: Called Strike
2-1: Ball
3-1: Grounds into double play, 5-4-3 (Groundball, 56)
Top of the 9th over - 0 run(s), 0 hit(s), 1 error(s), 0 left on base; Oakland 0 - Ft. Worth 3
Wednesday, August 30th, 2017 - OOTP Baseball 17.12 Build 75